Zazza, neutral female human Wizard -------- ##.......| ---------- # |<.....+## #.........-# ------------### ------.- ###|*.......|# |..........|# # # #.........|# |..........|# # ### -.--|-----# |..........-# # # # ######### |..........| # # ############`######### # ------------ # # #) ### -----.---.------ # # -----|-- # |..............| # # |...o..| ###|.........{....| ----|-# |S..[.)| *-....*.........| |.....# |.@of.%| ---------------- |....| -------- |....| |....| |....| ------ Zazza the Conjurer Experience level: 4 Strength: 9 Dexterity: 17 Constitution: 14 Intelligence: 18 Wisdom: 10 Charisma: 8 Health: 0(33) Energy: 6(38) Def: 1 Gold: 0 Moves: 2142 Dungeon seed: qiFlKe8NN2lyvoS6 Game ID: Zazza_1577135980 Your Inventory: Weapons s - a +0 orcish dagger T - a +0 dagger (weapon in hand) W - 13 +0 darts Armor e - an uncursed +0 cloak of magic resistance (being worn) y - an uncursed +0 dwarvish cloak z - an uncursed +0 pair of iron shoes Comestibles q - an uncursed egg A - an uncursed pancake E - an uncursed candy bar Scrolls i - an uncursed scroll of create monster j - an uncursed scroll of remove curse k - 2 uncursed scrolls of teleportation p - a cursed scroll of identify C - 3 uncursed scrolls of identify P - an uncursed scroll of scare monster X - an uncursed scroll of genocide Spellbooks l - a blessed spellbook of force bolt m - an uncursed spellbook of detect monsters t - an uncursed spellbook of cause fear H - an uncursed spellbook of detect monsters L - an uncursed spellbook of clairvoyance Potions a - an uncursed potion of paralysis g - an uncursed potion of water h - an uncursed potion of healing B - an uncursed potion of restore ability M - an uncursed potion of sickness R - a blessed potion of sleeping S - an uncursed potion of booze Z - an uncursed potion of hallucination Rings c - an uncursed ring of polymorph d - an uncursed ring of conflict D - an uncursed ring of fire resistance I - an uncursed ring of searching (on right hand) Wands b - a wand of speed monster (0:5) w - a wand of death (0:4) Tools v - an uncursed tin whistle F - an uncursed leash V - 5 uncursed wax candles (0:400) Gems n - an uncursed worthless piece of black glass r - 2 uncursed worthless pieces of yellow glass Spells and supernatural/magical abilities: Name Level Category Fail Memory a - force bolt 1 attack 0% 90% c - cause fear 3 enchantment 0% 91% n - detect monsters 1 divination 0% 90% v - clairvoyance 3 divination 85% 100% W - pray for help -- divine ? -- Your skills at the end: Fighting Skills Weapon Skills quarterstaff [Basic] Spellcasting Skills attack spells [Basic] enchantment spells [Basic] Final Attributes: You were piously aligned. You were poison resistant. You were magic-protected. You were telepathic. You had automatic searching. You were fast. You are dead. Vanquished creatures: 2 Mordor orcs a pony 3 gnome lords a little dog 2 floating eyes a dwarf a homunculus a kobold lord 3 hill orcs a rothe a werejackal 3 iguanas 2 acid blobs 2 large kobolds 5 hobgoblins 5 cave spiders 2 brown molds a gnome 3 garter snakes a gnome zombie 5 geckos 15 jackals 2 goblins 3 sewer rats 3 grid bugs 2 bats 5 lichens 2 kobold zombies 2 newts 80 creatures vanquished. Voluntary challenges: You were an atheist. You used a wielded weapon 13 times, starting on turn 30. You read items or engraved 22 times, starting on turn 286. You never genocided any monsters. You never polymorphed an object. You never changed form. You used no wishes. You never split a pudding. You wrote Elbereth's name 4 times, starting on turn 345. You never violated your personal moral code. Dungeon overview: The Dungeons of Doom: levels 1 to 7 Level 1 a long staircase Level 2 a general store Level 3 (gold) a fountain, a sink Level 4 (gold) some fountains a long staircase Level 5 some fountains Level 6 <- You were here a fountain Level 7 History has recorded: On T:1 you entered the Dungeons of Doom to retrieve the Amulet of Yendor! On T:270 you reached level 2 of The Dungeons of Doom. On T:510 you advanced to experience level 2. On T:534 you reached level 3 of The Dungeons of Doom. On T:962 you reached level 4 of The Dungeons of Doom. On T:1031 you advanced to experience level 3. On T:1297 you reached level 5 of The Dungeons of Doom. On T:1659 you reached level 6 of The Dungeons of Doom. On T:1783 you advanced to experience level 4. On T:2020 you reached level 7 of The Dungeons of Doom. Score breakdown: Gold: 0 ( 0 points) Experience: 4 levels ( 9649 points) Exploration: 7 levels ( 14.29%) (10606 points) Discoveries: 5 items ( 1.74%) ( 3959 points) Valuables value: (no points given unless you survive) Artifact value: 0 ( 0 points) Variety of kills: 29 monsters ( 7.61%) ( 8276 points) Turncount: 2142 turns ( -102 points) Survival: died (score multiplied by 80%) Total score: 25910 Latest messages: You sit on the opulent throne. You feel somehow out of place... You sit on the opulent throne. You notice you have no money! Your movements are now unencumbered. The Mordor orc wields a bow! You sit on the opulent throne. You feel somehow out of place... The throne vanishes in a puff of logic. Having fun sitting on the floor? The garter snake bites! Having fun sitting on the floor? Armand picks up a curved sword. The Mordor orc swings her bow. The Mordor orc hits! The garter snake bites! You miss the Mordor orc. You hit the Mordor orc. You miss the Mordor orc. The Mordor orc swings her bow. The Mordor orc hits! The garter snake bites! You miss the Mordor orc. The garter snake bites! You die... Final status: Goodbye Zazza the Wizard, killed by a garter snake... You died in The Dungeons of Doom on dungeon level 6 with 25910 points, and 0 pieces of gold, after 2142 moves. You were level 4 with a maximum of 33 hit points when you died.